 Dungeon Crawl Stone Soup version 0.32-a0-732-ga344392067 (webtiles) character file.

Game seed: 1584664831212861664

92 MackTheKnife the Apothecary (level 4, -1/33 HPs)
             Began as a Draconian Alchemist on Mar 16, 2024.
             Splashed by a jelly's acid (9 damage)
             ... on level 3 of the Dungeon.
             The game lasted 00:03:16 (1950 turns).

MackTheKnife the Apothecary (Draconian Alchemist)   Turns: 1950, Time: 00:03:17

Health: -1/33      AC: -1    Str: 11    XL:     4   Next: 35%
Magic:  3/7        EV: 11    Int: 15    God:
Gold:   210        SH:  0    Dex: 13    Spells: 6/7 levels left

rFire   . . .        b - +0 short sword (speed) {short}
rCold   . . .        (no shield)
rNeg    . . .        (body armour unavailable)
rPois   .            (helmet restricted)
rElec   .            k - +0 cloak
rCorr   .            (no gloves)
SInv    .            (no boots)
Will    .....        (no amulet)
Stlth   ++           (no ring)
HPRegen 0.25/turn    (no ring)
MPRegen 0.10/turn

%: no passive effects
@: corroded, very slightly contaminated
A: AC +5, unfitting armour, cold-blooded
a: no special abilities


You were on level 3 of the Dungeon.
You visited 1 branch of the dungeon, and saw 3 of its levels.

You collected 210 gold pieces.


Innate Abilities, Weirdness & Mutations

Your plain brown scales are hard. (AC +5)
You cannot fit into any form of body armour.
You are cold-blooded and may be slowed by cold attacks.


   Skills:
 - Level 1.7 Dodging
 - Level 1.7 Stealth
 - Level 2.0 Spellcasting
 - Level 1.0 Conjurations
 + Level 5.2 Alchemy


You had 6 spell levels left.
You knew the following spells:

 Your Spells              Type           Power      Damage    Failure   Level
a - Sting                 Conj/Alch      40%        1d5       6%          1

Your spell library contained the following spells:

 Spells                   Type           Power      Damage    Failure   Level
 Mercury Vapours          Alch/Air       18%        N/A       12%         2
 Slow                     Hex            4%         N/A       22%         1
 Olgreb's Toxic Radiance  Alch           17%        N/A       26%         4
 Mephitic Cloud           Conj/Alch/Air  7%         N/A       28%         3
 Confusing Touch          Hex            1%         N/A       54%         3
 Vampiric Draining        Necr           1%         2d6       54%         3
 Sticky Flame             Fire/Alch      9%         2d5       58%         4

Inventory:

Hand Weapons
 b - a +0 short sword of speed (weapon) {short}
   (You found it on level 1 of the Dungeon)
Armour
 g - an orb of mayhem
   (You found it on level 2 of the Dungeon)
 k - a +0 cloak (worn)
   (You found it on level 3 of the Dungeon)
Scrolls
 d - a scroll of fog {unknown}
 h - a scroll of blinking {!r}
 j - a scroll of revelation {unknown}
Potions
 a - a potion of magic
 c - a potion of resistance
 e - a potion of haste {unknown}
 f - a potion of curing {unknown}

Dungeon Overview and Level Annotations

Branches:
Dungeon (3/15) Zot: 16067

Altars:

Annotations:
D:3 Grinder

##.........#
#########..##
...##<......##
##...........#####
.................#
.##..###....###..#
###.#...#..#...#.#
#.#.⌠.#..#.⌠.#.#
..#...#~~#$..#@#
##.~###≈≈≈≈###J.#
#.. ≈≈≈≈≈≈≈≈..#
#.. ≈≈≈≈≈≈~... #.~
~≈≈≈###~.. #.#
#≈≈#...#..#
..#.⌠.#..# ..#..#


You could see a jelly (poisoned).


Message History

You now have 33 max hp (-16).
Unknown command.
You aren't carrying any items that you can evoke.
Casting: Sting (safe; 6% risk of failure)
Confirm with . or Enter, or press ? or * to list all spells.
Okay, then.
Unknown command.
As you read the scroll labelled EDIF BAITUTH, it crumbles to dust.
You assume a fearsome visage.
Grinder looks frightened!
It was a scroll of fear.
Grinder blinks! 😕 HP[+1] Unknown command.
Unknown command.
Unknown command. 😕 HP[+1] Unknown command.
There is a fountain of sparkling water here.
Unknown command.
A jelly comes into view.
Unknown command. 😕 HP[+1]
d - a scroll labelled OXTIYN WABOGG 😕 HP[+1] 😕 HP[+1] 😕 HP[+1]
e - a bubbling coppery potion 😕 HP[+1]
You feel yourself speed up. 😕 HP[+1] 😎 HP[+1]
Your hp is fully restored (33).
The jelly quivers.
You aren't carrying any items that you can evoke.
You recover from your berserk rage.
Casting: Sting (safe; 6% risk of failure)
Confirm with . or Enter, or press ? or * to list all spells.
You can't see any susceptible monsters within range! (Use Z to cast anyway.)
Casting: Sting (safe; 6% risk of failure)
Confirm with . or Enter, or press ? or * to list all spells.
Aiming: Sting (safe; 6% risk of failure)
Press: ? - help, Shift-Dir - straight line, f - jelly
Aim: a jelly (water, 100% to hit)
The sting hits the jelly.
The jelly partially resists.
The jelly is poisoned. 😎 MP[-1]
You lost 1 mp, and now have 6/7 mp.
Casting: Sting (safe; 6% risk of failure)
Confirm with . or Enter, or press ? or * to list all spells.
Aiming: Sting (safe; 6% risk of failure)
Press: ? - help, Shift-Dir - straight line, f/p - jelly
Aim: a jelly (water, lightly wounded, poisoned, 100% to hit)
The sting hits the jelly.
The jelly partially resists. 😎 MP[-1]
You lost 1 mp, and now have 5/7 mp.
Casting: Sting (safe; 6% risk of failure)
Confirm with . or Enter, or press ? or * to list all spells.
Aiming: Sting (safe; 6% risk of failure)
Press: ? - help, Shift-Dir - straight line, f/p - jelly
Aim: a jelly (water, moderately wounded, poisoned, 100% to hit)
You miscast Sting.
You are very lightly contaminated with residual magic.
Nothing appears to happen. 😎 MP[-1]
You lost 1 mp, and now have 4/7 mp.
Casting: Sting (safe; 6% risk of failure)
Confirm with . or Enter, or press ? or * to list all spells.
Aiming: Sting (safe; 6% risk of failure)
Press: ? - help, Shift-Dir - straight line, f/p - jelly
Aim: a jelly (heavily wounded, poisoned, 100% to hit)
The sting hits the jelly.
The jelly looks even sicker.
The jelly hits you but does no damage. 😎 MP[-1]
You lost 1 mp, and now have 3/7 mp.
You hit the jelly. The acid corrodes you!
Your hands burn!
The jelly hits you but does no damage. 😕 HP[-2]
You take 2 damage, and now have 31/33 hp.
You hit the jelly but do no damage.
Your hands burn! 😕 HP[-4]
You take 4 damage, and now have 27/33 hp.
You completely miss the jelly. The jelly misses you.
Unknown command.
You completely miss the jelly.
You tail-slap the jelly, but do no damage.
The jelly hits you.
You are splashed with acid! 😮 HP[-9]
You take 9 damage, and now have 18/33 hp.
MASSIVE DAMAGE!! (PAUSE)
You hit the jelly.
Your hands burn!
* * * LOW HITPOINT WARNING * * *
Your tail-slap misses the jelly. 😨 HP[-4]
You take 4 damage, and now have 14/33 hp.
Unknown command.
You hit the jelly but do no damage.
Your hands burn!
* * * LOW HITPOINT WARNING * * *
You tail-slap the jelly, but do no damage.
The jelly hits you.
* * * LOW HITPOINT WARNING * * *
The acid corrodes you!
You are splashed with acid!
You die...

Skill      XL: |  1  2  3  4 |
---------------+-------------+-----
Alchemy        | 4 5 |  5.2
Dodging        | |  1.7
Stealth        | |  1.7
Spellcasting   | |  2.0
Conjurations   | |  1.0

Action                     |  1- 3 |  4- 6 || total
---------------------------+-------+-------++-------
  Melee: Short sword       |    45 |    31 ||    76
         Unarmed           |     2 |       ||     2
         Tailslap          |     2 |     4 ||     6
   Cast: Sting             |    38 |     5 ||    43
    Use: Potion            |     1 |     1 ||     2
         Scroll            |       |     3 ||     3
   Stab: Sleeping          |     1 |     3 ||     4
 Armour: Skin              |    35 |    14 ||    49
  Dodge: Dodged            |    31 |    10 ||    41

Levels and vault maps discovered:
D:1:      hellmonk_arrival_library, layout_loops_ring, minmay_misc_feat_plants
D:2:      layout_basic, minmay_door_square, dk_vineyard_1
D:3:      layout_rooms, fountainhead, hellmonk_no_cap, uniq_grinder, uniq_ijyb

Notes
Turn   | Place    | Note
-------+----------+-------------------------------------------
     0 | D:1      | MackTheKnife the Draconian Alchemist began the quest for
                  | the Orb.
     0 | D:1      | Reached XP level 1. HP: 14/14 MP: 3/3
     0 | D:1      | magus.rc [v1.9.6]
   252 | D:1      | Reached XP level 2. HP: 20/20 MP: 3/5
  1103 | D:2      | Reached skill level 4 in Alchemy
  1255 | D:2      | You pick up a book of Debilitation and begin reading...
  1255 | D:2      | You add the spells Slow, Vampiric Draining and Confusing
                  | Touch to your library.
  1617 | D:2      | Reached XP level 3. HP: 26/26 MP: 2/6
  1660 | D:3      | Reached XP level 4. HP: 28/33 MP: 3/7
  1663 | D:3      | Reached skill level 5 in Alchemy
  1768 | D:3      | Noticed Grinder
  1950 | D:3      | HP: 8/33 [jelly (1)]
  1950 | D:3      | Splashed by a jelly's acid

Vanquished Creatures
  An orc wizard (D:3)
  An adder (D:3)
  A gnoll (D:2)
  A dart slug (D:3)
  2 orcs (D:3)
  4 endoplasms
  5 giant cockroaches
  2 goblins
  A hobgoblin (D:1)
  2 jackals (D:1)
  3 quokkas
  7 ball pythons
  5 bats
  3 kobolds
  2 rats
40 creatures vanquished.

Table legend:
 A = Non-vault XP
 B = Vault XP
 C = Vault XP percentage of total XP
 D = Non-vault monster count
 E = Vault monster count
 F = Vault count percentage of total count
                 A         B        C        D         E       F
            +---------+---------+-------+---------+---------+-------
      Total |     132 |       0 |   0.0 |      40 |       0 |   0.0
            +---------+---------+-------+---------+---------+-------
        D:1 |      24 |       0 |   0.0 |      16 |       0 |   0.0
        D:2 |      30 |       0 |   0.0 |      10 |       0 |   0.0
        D:3 |      78 |       0 |   0.0 |      14 |       0 |   0.0
            +---------+---------+-------+---------+---------+-------

Skill      XL: |  1  2  3  4 |
---------------+-------------+-----
Alchemy        | 4 5 |  5.2
Dodging        | |  1.7
Stealth        | |  1.7
Spellcasting   | |  2.0
Conjurations   | |  1.0

Action                     |  1- 3 |  4- 6 || total
---------------------------+-------+-------++-------
  Melee: Short sword       |    45 |    31 ||    76
         Unarmed           |     2 |       ||     2
         Tailslap          |     2 |     4 ||     6
   Cast: Sting             |    38 |     5 ||    43
    Use: Potion            |     1 |     1 ||     2
         Scroll            |       |     3 ||     3
   Stab: Sleeping          |     1 |     3 ||     4
 Armour: Skin              |    35 |    14 ||    49
  Dodge: Dodged            |    31 |    10 ||    41

Illustrated notes

Table legend:
 A = Kills in this place as a percentage of kills in the entire game.
 B = Kills by you in this place as a percentage of kills by you in the entire game.
 C = Kills by friends in this place as a percentage of kills by friends in the entire game.
 D = Other kills in this place as a percentage of other kills in the entire game.
 E = Experience gained in this place as a percentage of experience gained in the entire game.
 F = Experience gained in this place divided by the number of levels of this place that you have seen.
                   A       B       C       D       E      F
               +-------+-------+-------+-------+-------+----------------------
         Total | 100.0 | 100.0 |   N/A |   N/A | 100.0 |  44.0
       Dungeon | 100.0 | 100.0 |   N/A |   N/A | 100.0 |  44.0
               +-------+-------+-------+-------+-------+----------------------

Table legend: (Time is in decaauts)
 A = Elapsed time spent in this place.
 B = Non-inter-level travel time spent in this place.
 C = Inter-level travel time spent in this place.
 D = Time resting spent in this place.
 E = Time spent auto-exploring this place.
 F = Levels seen in this place.
 G = Mean time per level.
                   A        B        C        D        E       F      G
               +--------+--------+--------+--------+--------+-----+--------+
         Total |   1931 |   1907 |     24 |     18 |   1536 |   3 |  643.7 |
       Dungeon |   1931 |   1907 |     24 |     18 |   1536 |   3 |  643.7 |
               +--------+--------+--------+--------+--------+-----+--------+

Top non-repeatable levels by time:
     D:1: 967 daAuts
     D:2: 645 daAuts
     D:3: 318 daAuts
